 Dungeon Crawl Stone Soup version 0.31-a0-152-g6aa68a64a1 (webtiles) character file.

Game seed: 7990791850008048046

111 qw the Chopper (level 4, -6/28 HPs)
             Began as a Gargoyle Fighter on June 10, 2023.
             Splashed by a jelly's acid (7 damage)
             ... on level 2 of the Dungeon.
             The game lasted 00:00:50 (1697 turns).

qw the Chopper (Gargoyle Fighter)                   Turns: 1697, Time: 00:00:51

Health: -6/28      AC:  3    Str: 21    XL:     4   Next: 92%
Magic:  4/4        EV:  9    Int:  9    God:
Gold:   99         SH:  4    Dex:  9    Spells: 3/3 levels left

rFire   . . .        Y - +0 war axe
rCold   . . .        c - +0 buckler
rNeg    + . .        b - +0 scale mail
rPois   inf          (no helmet)
rElec   +            (no cloak)
rCorr   .            (no gloves)
SInv    .            (no boots)
Will    .....        (no amulet) Stlth
                     (no ring)
HPRegen 0.24/turn    (no ring)
MPRegen 0.09/turn

%: no passive effects
@: corroded
A: sickness immunity, AC +3, negative energy resistance 1, electricity
resistance, torment resistance 1, petrification resistance, talons 1, deformed
body
a: no special abilities


You were on level 2 of the Dungeon.
You visited 1 branch of the dungeon, and saw 2 of its levels.

You collected 99 gold pieces.


Innate Abilities, Weirdness & Mutations

You are immune to sickness and miasma.
Your stone body is resilient. (AC +3)
You are immune to poison.
You resist negative energy. (rN+)
You are resistant to electric shocks. (rElec)
You are resistant to unholy torment.
You are immune to petrification.
You have sharp toenails.
Armour fits poorly on your strangely shaped body.


   Skills:
 - Level 3.2 Fighting
 + Level 4.5 Axes
 - Level 3.2 Armour
 - Level 3.2 Shields


You had 3 spell levels left.
You didn't know any spells.
Your spell library was empty.

Inventory:

Hand Weapons
 i - a +0 mace
 Y - a +0 war axe (weapon)
Armour
 a - a +0 chain mail
 b - a +0 scale mail (worn)
 c - a +0 buckler (worn)
 l - a +0 tower shield
 n - a +0 helmet
Scrolls
 f - 3 scrolls of acquirement {unknown}
 j - a scroll of fog {unknown}
 m - a scroll of blinking {unknown}
 q - 2 scrolls of identify
Potions
 d - a potion of might
 e - a potion of haste
 g - a potion of heal wounds {unknown}
 h - a potion of invisibility {unknown}
 k - 3 potions of curing {unknown}
 o - 2 potions of lignification {unknown}
 p - 2 potions of berserk rage {unknown}

Dungeon Overview and Level Annotations

Branches:
Dungeon (2/15)

Altars:

Annotations:
D:1 1 transporter


Message History

You are frozen.
The endoplasm barely misses you.
The endoplasm hits the toadstool.
The endoplasm hits the fungus.
The jelly hits the fungus.
The fungus is splashed with acid.
The endoplasm hits the toadstool.
The toadstool is destroyed!
The endoplasm freezes you.
You are frozen.
You slash the endoplasm!
You kill the endoplasm!
You hit the jelly.
Your hands burn!
The endoplasm hits the fungus.
The jelly hits you but does no damage.
You hit the jelly.
Your hands burn!
Your kick misses the jelly.
The jelly is heavily wounded.
You barely miss the endoplasm.
A nearby fungus withers and dies. x2
The endoplasm freezes you.
You are frozen.
The jelly jiggles.
The jelly hits you but does no damage.
You hit the jelly.
Your hands burn!
You claw the jelly.
You kill the jelly!
You slash the endoplasm!
You kill the endoplasm!
The endoplasm closely misses you.
The endoplasm hits you but does no damage.
You hit the endoplasm. You claw the endoplasm.
The endoplasm is almost dead.
You hit the endoplasm but do no damage. The endoplasm freezes you.
You are frozen.
You slash the endoplasm!
You kill the endoplasm!
You hit the jelly. The acid corrodes you!
Your hands burn!
You barely miss the jelly. You claw the jelly.
The jelly is heavily wounded.
You hit the endoplasm. The jelly hits you but does no damage.
The endoplasm hits you but does no damage.
The jelly hits you.
You are splashed with acid!
You die...

########
#.###....
##########
#...#.#..
?..P.P.P.#
#.....###
%P.P...P.#
#.#.....#
.P.P.P..%#
#.....#.#
.P%....P.#
####.)#.#
%......J.#
####.)...
.P.P..JJ.#
####.)))###.
#######@#
#....######.
##......##
#....##.....
#)########
#(..<##.....
##..'....#
#....##.....
####....#
#...........
#.......#
###....#......
#.......#
#.....[#......
#(......#
#....###......
#.......#
#.......###...


You could see a jelly and 2 endoplasms.

Vanquished Creatures
  A jelly (D:2)
  Robin (D:2)
  An adder (D:2)
  A worm (D:2)
  A dart slug (D:1)
  10 endoplasms
  A giant cockroach (D:1)
  4 hobgoblins (D:2)
  10 kobolds
  2 quokkas
  2 ball pythons (D:1)
  A bat (D:1)
  5 frilled lizards
  11 goblins (D:2)
  4 rats (D:1)
55 creatures vanquished.

Vanquished Creatures (others)
  A goblin (D:2)
1 creature vanquished.

Grand Total: 56 creatures vanquished

Notes
Turn   | Place    | Note
-------+----------+-------------------------------------------
     0 | D:1      | qw the Gargoyle Fighter began the quest for the Orb.
     0 | D:1      | Reached XP level 1. HP: 14/14 MP: 1/1
     0 | D:1      | 0 ||| qw: Version: 0.2-a-123-gb51047a
     0 | D:1      | 0 ||| qw: Game counter: 3715
     0 | D:1      | 0 ||| qw: Always use a shield: true
     0 | D:1      | 0 ||| qw: God list: Okawaru
     0 | D:1      | 0 ||| qw: Allow faded altars: false
     0 | D:1      | 0 ||| qw: Do Orc after D:15 true
     0 | D:1      | 0 ||| qw: Do second Lair branch before Depths: true
     0 | D:1      | 0 ||| qw: Lair rune preference: random
     0 | D:1      | 0 ||| qw: Plans: Normal, Zot:1-4, Slime:5, God:TSO, Crypt,
                  | Tomb, Abyss, Pan, Hells, Win
     0 | D:1      | 0 ||| PLANNING D:1-11
    58 | D:1      | Reached skill level 2 in Axes
   309 | D:1      | 309 ||| Stepping ~*~*~tactically~*~*~ (hiding).
   311 | D:1      | 311 ||| Stepping ~*~*~tactically~*~*~ (hiding).
   322 | D:1      | Reached XP level 2. HP: 19/19 MP: 2/2
   461 | D:1      | 461 ||| DROPPING +0 whip.
   817 | D:1      | Reached skill level 3 in Axes
   926 | D:1      | 926 ||| READING scroll labelled ACLUXEMEKK.
   927 | D:1      | 927 ||| READING 2 scrolls labelled NAMATEAQUGIT.
   928 | D:1      | 928 ||| READING 2 scrolls labelled HONURHI WALAUKH.
   929 | D:1      | 929 ||| READING scroll labelled PUAX YDORESTRA.
   930 | D:1      | 930 ||| DRINKING 2 white potions.
   931 | D:1      | 931 ||| DRINKING 2 silvery potions.
   931 | D:1      | Gained mutation: Your spells are a little harder to cast,
                  | but a little more powerful. [potion of mutation]
   931 | D:1      | Gained mutation: Armour fits poorly on your strangely
                  | shaped body. [potion of mutation]
   931 | D:1      | Gained mutation: You occasionally lose the ability to read
                  | scrolls when taking damage. [potion of mutation]
   932 | D:1      | 932 ||| DRINKING potion of mutation.
   932 | D:1      | Lost mutation: You occasionally lose the ability to read
                  | scrolls when taking damage. [potion of mutation]
   932 | D:1      | Lost mutation: Your spells are a little harder to cast, but
                  | a little more powerful. [potion of mutation]
   932 | D:1      | Gained mutation: You have sharp toenails. [potion of
                  | mutation]
   933 | D:1      | 933 ||| DROPPING scroll of magic mapping.
   934 | D:1      | 934 ||| DROPPING scroll of immolation.
   992 | D:2      | 992 ||| Stepping ~*~*~tactically~*~*~ (stealth).
  1005 | D:2      | Reached XP level 3. HP: 23/23 MP: 3/3
  1413 | D:2      | Noticed Robin
  1425 | D:2      | Reached XP level 4. HP: 21/28 MP: 4/4
  1425 | D:2      | Killed Robin
  1483 | D:2      | Reached skill level 4 in Axes
  1563 | D:2      | 1563 ||| Stepping ~*~*~tactically~*~*~ (hiding).
  1695 | D:2      | HP: 4/28 [frozen (5)]
  1696 | D:2      | HP: 1/28 [acid (3)]
  1697 | D:2      | Splashed by a jelly's acid

Levels and vault maps discovered:
D:1:      spicycebolla_arrival_risky_transporter, layout_loops_corners
D:2:      cheibrodos_fertilizer, layout_basic, serial_park_tiny_2,
          minmay_pentomino_v2, uniq_robin

Skill      XL: |  1  2  3  4 |
---------------+-------------+-----
Axes           | 2 3 4 |  4.5
Fighting       | |  3.2
Armour         | |  3.2
Shields        | |  3.2

Action                     |  1- 3 |  4- 6 || total
---------------------------+-------+-------++-------
  Melee: War axe           |   106 |    22 ||   128
         Kick              |     8 |     7 ||    15
    Use: Scroll            |     4 |       ||     4
         Potion            |     3 |       ||     3
 Armour: Scale mail        |    32 |     8 ||    40
  Dodge: Dodged            |    47 |     7 ||    54
  Block: Buckler           |    16 |     2 ||    18

Table legend:
 A = Non-vault XP
 B = Vault XP
 C = Vault XP percentage of total XP
 D = Non-vault monster count
 E = Vault monster count
 F = Vault count percentage of total count
                 A         B        C        D         E       F
            +---------+---------+-------+---------+---------+-------
      Total |      64 |      95 |  59.7 |      30 |      25 |  45.5
            +---------+---------+-------+---------+---------+-------
        D:1 |      32 |       0 |   0.0 |      19 |       0 |   0.0
        D:2 |      32 |      95 |  74.8 |      11 |      25 |  69.4
            +---------+---------+-------+---------+---------+-------
